 Dungeon Crawl Stone Soup version 0.22-a0-402-ga933591907 (webtiles) character file.

114 RaHiT the Chiller (level 4, -21/33 HPs)
             Began as a Draconian Ice Elementalist on May 6, 2018.
             Demolished by an ogre
             ... wielding a +0 giant club
              (22 damage)
             ... on level 4 of the Dungeon.
             The game lasted 00:10:22 (1202 turns).

RaHiT the Chiller (Draconian Ice Elementalist)      Turns: 1202, Time: 00:10:23

Health: -21/33     AC:  5    Str: 10    XL:     4   Next: 67%
Magic:  3/8        EV: 13    Int: 17    God:
Gold:   105        SH:  0    Dex: 11    Spells: 3/9 levels left

rFire    . . .     SeeInvis .   (no weapon)
rCold    . . .     Gourm    .   (no shield)
rNeg     . . .     Faith    .   (armour unavailable)
rPois    .         Spirit   .   (helmet restricted)
rElec    .         Reflect  .   (no cloak)
rCorr    .         Harm     .   (no gloves)
MR       .....                  (no boots)
Stlth    ++........             (no amulet)
HPRegen  0.11/turn              (no ring)
MPRegen  0.11/turn              (no ring)

@: no status effects
A: unfitting armour, cold-blooded, AC +5
a: no special abilities


You were on level 4 of the Dungeon.
You were not hungry.

You visited 1 branch of the dungeon, and saw 4 of its levels.

You collected 105 gold pieces.

Inventory:

Missiles
 d - 16 poisoned needles
Jewellery
 l - an uncursed ring of magical power {unknown}
 n - an uncursed amulet of guardian spirit {unknown}
Scrolls
 f - a scroll of noise {unknown}
 g - a scroll of enchant weapon {unknown}
 i - a scroll of teleportation {unknown}
 m - a scroll of identify {unknown}
Potions
 c - 2 potions of berserk rage {unknown}
 e - a potion of curing {unknown}
 h - a potion of might {unknown}
 j - 2 potions of lignification {unknown}
 k - a potion of haste {unknown}
Comestibles
 a - 9 chunks of flesh
 b - 3 rations


   Skills:
 - Level 3.0 Dodging
 - Level 1.7 Stealth
 - Level 3.0 Spellcasting
 - Level 1.0 Conjurations
 * Level 4.0 Ice Magic


You had 3 spell levels left.
You knew the following spells:

 Your Spells              Type           Power        Failure   Level  Hunger
a - Freeze                Ice            ###.         3%          1    None
b - Ozocubu's Armour      Chrm/Ice       #.......     22%         3    ###....
c - Throw Frost           Conj/Ice       ##....       10%         2    ##.....


Dungeon Overview and Level Annotations

Branches:
Dungeon (4/15)
 Temple: D:4-7

Altars:
Elyvilon


Innate Abilities, Weirdness & Mutations

Your plain brown scales are hard. (AC +5)
You cannot fit into any form of body armour.
You are cold-blooded and may be slowed by cold attacks.


Message History

Casting: Freeze (safe; 3% risk of failure)
Confirm with . or Enter, or press ? or * to list all spells.
Aiming: Freeze (safe; 3% risk of failure)
Press: ? - help, Shift-Dir - straight line, f/p - ogre
Aim: an ogre, wielding a giant club (heavily wounded)
You freeze the ogre.
The ogre is severely wounded.
The ogre hits you with a giant club!!
Ouch! That really hurt!
* * * LOW HITPOINT WARNING * * *
Casting: Freeze (safe; 3% risk of failure)
Confirm with . or Enter, or press ? or * to list all spells.
Aiming: Freeze (safe; 3% risk of failure)
Press: ? - help, Shift-Dir - straight line, f/p - ogre
Aim: an ogre, wielding a giant club (severely wounded)
You freeze the ogre.
The ogre is almost dead.
The ogre hits you with a giant club!!
Ouch! That really hurt!
You die...

.... ... ####.### #.#
#....... ... #....# #.#
###....# #.# #......# #[#
#o#...o#####.## ## ###
#O#...........# # #. ..#
#@##+##.#.....# ..# #.##.#
#.# ...#.###.# ....##.#<.#
#.# #####.#...###
.....#..####.#######.o.....#
#..#.#...#...............#
#....#.#.##......##......#
#.##.#.#.........##......#
#.(..#.####......#.......#
#......# ##+#####.......##


You could see an ogre and an orc.

Vanquished Creatures
  An orc priest (D:3)
  4 adders
  A worm (D:4)
  A leopard gecko (D:3)
  4 orcs (D:3)
  4 bats
  3 giant cockroaches
  4 goblins
  3 hobgoblins
  4 jackals (D:2)
  6 kobolds
  A quokka (D:2)
  2 frilled lizards
  A rat (D:2)
39 creatures vanquished.

Notes
Turn   | Place    | Note
-------+----------+-------------------------------------------
     0 | D:1      | RaHiT the Draconian Ice Elementalist began the quest for the Orb.
     0 | D:1      | Reached XP level 1. HP: 14/14 MP: 3/3
   210 | D:3      | Noticed an orc priest
   210 | D:3      | Noticed an orc priest
   306 | D:1      | Reached XP level 2. HP: 13/20 MP: 1/5
   542 | D:2      | Reached XP level 3. HP: 26/26 MP: 0/7
   773 | D:2      | Learned a level 3 spell: Ozocubu's Armour
   807 | D:2      | Learned a level 2 spell: Throw Frost
   884 | D:3      | Found a white marble altar of Elyvilon.
   891 | D:3      | Reached XP level 4. HP: 33/33 MP: 4/8
  1000 | D:3      | Reached skill level 4 in Ice Magic
  1170 | D:4      | Noticed an ogre
  1201 | D:4      | HP: 1/33 [ogre/giant club (22)]
  1202 | D:4      | Demolished by an ogre

Vault maps used:
D:1:      dpeg_arrival_ratfight, nrook_mini_vaults, kennysheep_boxes
D:2:      chequers_ecumenical_altar_twisty
D:3:      tso_oasis_becter, marbit_many_paths, elyvilon_altar_1
D:4:      minmay_temple_entry_butterflies, gup_sewer_entry_spiral, uniq_ijyb

Skill      XL: |  1  2  3  4 |
---------------+-------------+-----
Dodging        | 2 3 |  3.0
Spellcasting   | 3 |  3.0
Ice Magic      | 4 |  4.0
Stealth        | |  1.7
Conjurations   | |  1.0

Action                   |  1- 3 |  4- 6 || total
-------------------------+-------+-------++-------
Melee: Unarmed           |     3 |       ||     3
 Cast: Freeze            |    60 |    29 ||    89
  Eat: Chunk             |       |     1 ||     1
Armor: Skin              |    14 |     2 ||    16
Dodge: Dodged            |    25 |     9 ||    34

Table legend:
 A = Spawn XP
 B = Non-spawn XP
 C = Spawn XP percentage of total XP
 D = Spawn monster count
 E = Non-spawn monster count
 F = Spawn count percentage of total count
 G = Total turns spent on level
                    A         B        C        D         E        F      G
               +---------+---------+-------+---------+---------+-------+---------
         Total |       0 |     164 |   0.0 |       0 |      39 |   0.0 |  1202
               +---------+---------+-------+---------+---------+-------+---------
           D:1 |       0 |      18 |   0.0 |       0 |      10 |   0.0 |   338
           D:2 |       0 |      52 |   0.0 |       0 |      16 |   0.0 |   470
           D:3 |       0 |      89 |   0.0 |       0 |      12 |   0.0 |   301
           D:4 |       0 |       5 |   0.0 |       0 |       1 |   0.0 |    93
               +---------+---------+-------+---------+---------+-------+---------
